 Dungeon Crawl Stone Soup version 0.16-a0-3807-g3748f16 (console) character file.

46 MrRokkomies the Cudgeler (level 3, -3/39 HPs)
             Began as an Ogre Skald on Jan 27, 2015.
             Slain by a gnoll
             ... wielding a +0 flail
              (6 damage)
             ... on level 2 of the Dungeon.
             The game lasted 00:07:24 (1668 turns).

MrRokkomies the Cudgeler (Ogre Skald)               Turns: 1668, Time: 00:07:24

Health: -3/39      AC:  3    Str: 17    XL:     3   Next: 66%
Magic:  0/6        EV: 10    Int: 11    God:
Gold:   128        SH:  0    Dex: 10    Spells: 2 memorised, 3 levels left

rFire  . . .     SeeInvis .     a - +0 mace
rCold  . . .     Clarity  .     b - +0 robe
rNeg   . . .     SustAb   .     (shield restricted)
rPois  .         Gourm    .     (helmet restricted)
rElec  .         Spirit   .     (no cloak)
rCorr  .         Warding  .     (gloves unavailable)
rMut   .         Stasis   .     (boots unavailable)
MR     .....                    (no amulet)
Stlth  +.........               (no ring)
                                (no ring)

@: infused (expiring), not resistant to hostile enchantments, very unstealthy
A: unfitting armour, tough skin 1
a: no special abilities


You were on level 2 of the Dungeon.
You were hungry.

You visited 1 branch of the dungeon, and saw 2 of its levels.

You collected 128 gold pieces.

Inventory:

Hand weapons
 a - a +0 mace (weapon)
Missiles
 i - 45 stones (quivered)
Armour
 b - a +0 robe (worn)
Scrolls
 h - 4 scrolls of remove curse
 k - a scroll of noise {unknown}
 l - a scroll of immolation {unknown}
Potions
 e - a potion of degeneration {unknown}
 f - a potion of cure mutation {unknown}
 j - a potion of heal wounds
 n - a potion of magic {unknown}
Books
 c - a book of Battle

   Spells                             Type                      Level
   a - Infusion                       Charms                       1
   b - Shroud of Golubria             Charms/Translocation         2
   c - Song of Slaying                Charms                       2
   d - Spectral Weapon                Hexes/Charms                 3
   e - Regeneration                   Charms/Necromancy            3
 m - a book of Ice

   Spells                             Type                      Level
   a - Ice Form                       Ice/Transmutation            4
   b - Metabolic Englaciation         Hexes/Ice                    5
   c - Ozocubu's Refrigeration        Ice                          6
   d - Bolt of Cold                   Conjuration/Ice              6
   e - Freezing Cloud                 Conjuration/Ice/Air          6
   f - Simulacrum                     Ice/Necromancy               6
Comestibles
 d - a meat ration
 g - a bread ration


   Skills:
 * Level 3.6 Fighting
 * Level 3.9 Maces & Flails
 - Level 0.7 Armour
 + Level 1.6 Dodging
 - Level 2.4 Spellcasting
 - Level 2.1 Charms


You had 3 spell levels left.
You knew the following spells:

 Your Spells              Type           Power        Failure   Level  Hunger
a - Infusion              Chrm           #.....       14%         1    ##.....
b - Shroud of Golubria    Chrm/Tloc      #.........   30%         2    ###....


Dungeon Overview and Level Annotations

Branches:
Dungeon (2/15)

Altars:
Ashenzari
Okawaru
Trog


Innate Abilities, Weirdness & Mutations

You are too large for most types of armour.
You have tough skin (AC +1).


Message History

The gnoll is lightly wounded.
The gnoll closely misses you. The gnoll hits you with a flail.
You hit the gnoll.
The gnoll is severely wounded.
The gnoll barely misses you. x2
You hit the gnoll.
The gnoll is almost dead.
The gnoll hits you from afar with a halberd!
* * * LOW HITPOINT WARNING * * *
The gnoll completely misses you.
You hit the gnoll but do no damage.
The gnoll is almost dead.
Your magical infusion is running out.
The gnoll misses you. The gnoll closely misses you.
You barely miss the gnoll.
The gnoll is almost dead.
The gnoll hits you from afar with a halberd.
* * * LOW HITPOINT WARNING * * *
The gnoll hits you with a flail.
You die...

#.#.##.#.##.# #.# #
#.#.##.#.##.# #.# #
#.#.##.#.##.# #.#
#.#....#.##.# #.#
#.######.##.#####.###
#.# #.##.#........
#.#### #..#.#.###.###
#....# #..#.#.......'
####.# #....#####.###
#.# #.#..# #.# # #@#
#.#..# #.# # #g#
#.##.# #.# # #g#
#.##.## #.# # ...
..##..# #.# # ...
..##..## #.#
.......##.†.# #.# #
..### # #.#.###.# #
... #.#..##+### .
#.##.......
#.##.......
#.##.......


You could see 2 gnolls.

Vanquished Creatures
  A gnoll (D:2)
  A giant gecko (D:1)
  A giant cockroach (D:1)
  3 hobgoblins
  5 jackals
  4 kobolds
  4 bats
  3 giant newts
  7 goblins
  6 rats
35 creatures vanquished.

Notes
Turn   | Place    | Note
--------------------------------------------------------------
     0 | D:1      | MrRokkomies, the Ogre Skald, began the quest for the Orb.
     0 | D:1      | Reached XP level 1. HP: 22/22 MP: 3/3
     2 | D:1      | Noticed a merfolk
     4 | D:1      | Noticed an ogre
     4 | D:1      | Noticed a spriggan
     6 | D:1      | Noticed a draconian
     6 | D:1      | Noticed a demonspawn
     8 | D:1      | Noticed a felid
     8 | D:1      | Noticed a vampire
    10 | D:1      | Noticed a vine stalker
    10 | D:1      | Noticed an elf
    14 | D:1      | Noticed a tengu
    14 | D:1      | Noticed a demigod
    16 | D:1      | Noticed a human
    18 | D:1      | Noticed a gargoyle
    18 | D:1      | Noticed a naga
    20 | D:1      | Noticed a minotaur
    22 | D:1      | Noticed an octopode
    22 | D:1      | Noticed a troll
    24 | D:1      | Noticed a ghoul
    24 | D:1      | Noticed a dwarf
    26 | D:1      | Noticed a formicid
    26 | D:1      | Noticed a centaur
   172 | D:1      | Reached skill level 3 in Maces & Flails
   174 | D:1      | Reached skill level 1 in Dodging
   258 | D:1      | Reached XP level 2. HP: 9/31 MP: 5/5
  1053 | D:1      | Learned a level 2 spell: Shroud of Golubria
  1213 | D:2      | Reached XP level 3. HP: 20/37 MP: 6/6
  1378 | D:2      | Found a shattered altar of Ashenzari.
  1406 | D:2      | Found a bloodstained altar of Trog.
  1406 | D:2      | Found an iron altar of Okawaru.
  1668 | D:2      | Slain by a gnoll

Action                   || total
-------------------------++-------
Melee: Mace              ||   135
 Cast: Shroud of Golubri ||     2
       Infusion          ||     2
  Use: Scroll            ||     4
       Potion            ||     1
  Eat: Chunk             ||     2
